 Dungeon Crawl Stone Soup version 0.31-a0-640-g39d97e502b (webtiles) character file.

Game seed: 11989208616517024833

126 CowFu the Ruffian (level 5, 0/40 HPs)
             Began as a Gnoll Shapeshifter on Aug 28, 2023.
             Slain by a river rat (5 damage)
             ... in a sewer.
             The game lasted 00:03:47 (1318 turns).

CowFu the Ruffian (Gnoll Shapeshifter)              Turns: 1318, Time: 00:03:48

Health: 0/40       AC:  3    Str: 15    XL:     5   Next: 9%
Magic:  7/7        EV: 10    Int: 10    God:
Gold:   156        SH:  0    Dex: 11    Spells: 6/6 levels left

rFire   . . .        g - +1 trident (venom)
rCold   . . .        (no shield)
rNeg    . . .        a - +1 animal skin
rPois   .            (helmet currently unavailable)
rElec   .            (cloak currently unavailable)
rCorr   .            (gloves currently unavailable)
SInv    .            (boots currently unavailable)
Will    .....        (no amulet)
Stlth   +            (no ring)
HPRegen 0.26/turn    (no ring)
MPRegen 0.10/turn

%: no passive effects
@: beast-form, on berserk cooldown, slowed, constricted, very slow
A: beast (slay +3), fangs 1, strong nose, distributed training
a: Begin Untransformation


You were in a sewer.
You were a hulking beast.
You visited 1 branch of the dungeon, and saw 3 of its levels.
You also visited: Sewer.

You collected 156 gold pieces.

Inventory:

Hand Weapons
 g - a +1 trident of venom (weapon)
Armour
 a - a +1 animal skin (worn)
 h - a +0 cloak
 m - a +0 helmet
Talismans
 c - a beast talisman (active)
 d - a flux talisman
 k - a talisman of death
Scrolls
 f - a scroll of immolation {unknown}
Potions
 b - a potion of lignification
 q - a potion of magic


   Skills:
 + Level 2.9 Fighting
 + Level 1.4 Short Blades
 + Level 1.4 Long Blades
 + Level 1.4 Axes
 + Level 1.4 Maces & Flails
 + Level 1.4 Polearms
 + Level 1.4 Staves
 + Level 1.4 Ranged Weapons
 + Level 1.4 Throwing
 + Level 1.4 Armour
 + Level 4.7 Dodging
 + Level 1.4 Stealth
 + Level 1.4 Shields
 + Level 6.6 Unarmed Combat
 + Level 1.4 Spellcasting
 + Level 1.1 Conjurations
 + Level 1.1 Hexes
 + Level 1.1 Summonings
 + Level 1.1 Necromancy
 + Level 1.1 Translocations
 + Level 1.1 Transmutations
 + Level 1.1 Fire Magic
 + Level 1.1 Ice Magic
 + Level 1.1 Air Magic
 + Level 1.1 Earth Magic
 + Level 1.1 Poison Magic
 + Level 1.5 Invocations
 + Level 1.4 Evocations
 + Level 6.6 Shapeshifting


You had 6 spell levels left.
You didn't know any spells.
Your spell library contained the following spells:

 Spells                   Type           Power      Damage    Failure   Level
 Magic Dart               Conj           8%         1d3       22%         1
 Call Imp                 Summ           4%         N/A       32%         2
 Mephitic Cloud           Conj/Pois/Air  2%         N/A       54%         3


Dungeon Overview and Level Annotations

Branches:
Dungeon (3/15)              Sewer (1/1)

Altars:


Innate Abilities, Weirdness & Mutations

You are a hulking beast.
Your limbs bulge with bestial killing power. (Slay +3)
You have very sharp teeth.
Your uncanny sense of smell can sniff out nearby items.
Your experience applies equally to all skills.


Message History

You puncture the ball python!
You kill the ball python!
The ball python misses you. The ball python closely misses you. x2
The ball python grabs you. The ball python constricts you.
You barely miss the ball python. The ball python barely misses you. x2
The ball python constricts you.
You puncture the ball python!
You kill the ball python!
The ball python closely misses you. The ball python constricts you.
* * * LOW HITPOINT WARNING * * *
You barely miss the rat. The ball python bites you.
* * * LOW HITPOINT WARNING * * *
The ball python constricts you.
* * * LOW HITPOINT WARNING * * *
Your unstable footing causes you to fumble your attack.
The rat closely misses you. The ball python completely misses you.
The ball python constricts you.
You puncture the rat!
You kill the rat!
Your unstable footing causes you to fumble your attack.
The ball python bites you but does no damage.
The ball python constricts you.
You hit the rat.
You kill the rat!
The ball python barely misses you. The ball python constricts you.
You closely miss the rat. The ball python bites you.
* * * LOW HITPOINT WARNING * * *
The ball python constricts you.
* * * LOW HITPOINT WARNING * * *
You completely miss the rat.
The rat splashes around in the water.
The ball python bites you.
* * * LOW HITPOINT WARNING * * *
The ball python constricts you.
You barely miss the rat.
You are no longer berserk.
You are exhausted.
You feel yourself slow down. The rat barely misses you.
The ball python barely misses you. The ball python constricts you.
The river rat bites you.
You die...

#≈≈~≈≈≈#
#≈≈†~≈
#~≈~≈≈≈#
#≈≈~≈≈
#≈~#~≈≈#
#≈≈~≈≈
#≈~~≈≈≈#
#≈~~~≈
#~~~≈≈≈#
#≈.~≈≈
#.≈#≈≈≈#
#≈~≈~~
#~≈~≈≈≈#
#≈≈~~.
#≈~≈≈≈≈#
#≈~#~≈
#~hr~≈≈#
#≈≈~≈≈
#S#r~≈≈#
#≈~~~≈
#≈≈~~≈≈#
#≈~~~≈
#≈~≈~~≈#
#≈≈~~≈
#≈≈~~~≈#
#≈≈≈~~
#≈≈~~≈~#
#≈≈~~~ ∆∆
##†.~~.#
##~~~. ∆∆
#......#
#.....
#......##
#..∩∩.


You could see a river rat, a ball python and a rat.

Vanquished Creatures
  2 river rats (D:3)
  An adder (D:3)
  2 gnolls
  A worm (D:2)
  A dart slug (D:1)
  7 endoplasms
  A giant cockroach (D:3)
  8 goblins
  3 hobgoblins
  4 jackals (D:1)
  4 kobolds
  4 quokkas
  13 ball pythons
  5 bats
  5 frilled lizards
  17 rats
78 creatures vanquished.

Notes
Turn   | Place    | Note
-------+----------+-------------------------------------------
     0 | D:1      | CowFu the Gnoll Shapeshifter began the quest for the Orb.
     0 | D:1      | Reached XP level 1. HP: 17/17 MP: 1/1
    37 | D:1      | Reached XP level 2. HP: 21/23 MP: 2/2
   263 | D:1      | Reached XP level 3. HP: 18/28 MP: 3/3
   437 | D:1      | Reached skill level 1 in Invocations
   627 | D:2      | Reached skill level 1 in Short Blades
   627 | D:2      | Reached skill level 1 in Long Blades
   627 | D:2      | Reached skill level 1 in Axes
   627 | D:2      | Reached skill level 1 in Maces & Flails
   627 | D:2      | Reached skill level 1 in Polearms
   627 | D:2      | Reached skill level 1 in Staves
   627 | D:2      | Reached skill level 1 in Ranged Weapons
   627 | D:2      | Reached skill level 1 in Throwing
   627 | D:2      | Reached skill level 1 in Armour
   627 | D:2      | Reached skill level 1 in Stealth
   627 | D:2      | Reached skill level 1 in Shields
   627 | D:2      | Reached skill level 1 in Spellcasting
   627 | D:2      | Reached skill level 1 in Evocations
   836 | D:2      | Reached XP level 4. HP: 16/34 MP: 5/5
   843 | D:3      | HP: 1/34 [gnoll/+0 club (7)]
  1132 | D:3      | Reached skill level 1 in Conjurations
  1132 | D:3      | Reached skill level 1 in Hexes
  1132 | D:3      | Reached skill level 1 in Summonings
  1132 | D:3      | Reached skill level 1 in Necromancy
  1132 | D:3      | Reached skill level 1 in Translocations
  1132 | D:3      | Reached skill level 1 in Transmutations
  1132 | D:3      | Reached skill level 1 in Fire Magic
  1132 | D:3      | Reached skill level 1 in Ice Magic
  1132 | D:3      | Reached skill level 1 in Air Magic
  1132 | D:3      | Reached skill level 1 in Earth Magic
  1132 | D:3      | Reached skill level 1 in Poison Magic
  1152 | D:3      | Found a glowing drain.
  1173 | D:3      | Reached XP level 5. HP: 25/40 MP: 6/6
  1178 | Sewer    | Entered a sewer
  1318 | Sewer    | Slain by a river rat

Illustrated notes

Levels and vault maps discovered:
D:1:      minmay_arrival_doors, layout_rooms, minmay_hexomino_c4
D:2:      layout_basic
D:3:      layout_loops_corners, overflow_temple_1_default, portal_sewer_entry_c,
          grunt_decor_mini_mirrors, hangedman_decor_slide_cut,
          minmay_strange_pillars, hangedman_decor_diamond_cutter,
          minmay_misc_feat_encased, nrook_uturn
Sewer:    sewer_minmay_w

Skill      XL: |  1  2  3  4 |
---------------+-------------+-----
Invocations    | 1 |  1.5
Short Blades   | 1 |  1.4
Long Blades    | 1 |  1.4
Axes           | 1 |  1.4
Maces & Flails | 1 |  1.4
Polearms       | 1 |  1.4
Staves         | 1 |  1.4
Ranged Weapons | 1 |  1.4
Throwing       | 1 |  1.4
Armour         | 1 |  1.4
Stealth        | 1 |  1.4
Shields        | 1 |  1.4
Spellcasting   | 1 |  1.4
Evocations     | 1 |  1.4
Conjurations   | 1 |  1.1
Hexes          | 1 |  1.1
Summonings     | 1 |  1.1
Necromancy     | 1 |  1.1
Translocations | 1 |  1.1
Transmutations | 1 |  1.1
Fire Magic     | 1 |  1.1
Ice Magic      | 1 |  1.1
Air Magic      | 1 |  1.1
Earth Magic    | 1 |  1.1
Poison Magic   | 1 |  1.1
Fighting       | |  2.9
Dodging        | |  4.7
Unarmed Combat | |  6.6
Shapeshifting  | |  6.6

Action                     |  1- 3 |  4- 6 || total
---------------------------+-------+-------++-------
  Melee: Unarmed           |    37 |       ||    37
         Bite              |     4 |     5 ||     9
         Trident           |    45 |    74 ||   119
         Punch             |       |     5 ||     5
    Use: Scroll            |       |     7 ||     7
         Potion            |       |     4 ||     4
   Stab: Sleeping          |     3 |     3 ||     6
 Armour: Animal skin       |     7 |    26 ||    33
  Dodge: Dodged            |    42 |    77 ||   119

Table legend: (Time is in decaauts)
 A = Elapsed time spent in this place.
 B = Non-inter-level travel time spent in this place.
 C = Inter-level travel time spent in this place.
 D = Time resting spent in this place.
 E = Time spent auto-exploring this place.
 F = Levels seen in this place.
 G = Mean time per level.
                   A        B        C        D        E       F      G
               +--------+--------+--------+--------+--------+-----+--------+
         Total |   1373 |   1354 |     19 |      0 |    705 |   4 |  343.2 |
       Dungeon |   1210 |   1191 |     19 |      0 |    623 |   3 |  403.3 |
         Sewer |    163 |    163 |      0 |      0 |     82 |   1 |  163.0 |
               +--------+--------+--------+--------+--------+-----+--------+

Top non-repeatable levels by time:
     D:1: 579 daAuts
     D:3: 363 daAuts
     D:2: 267 daAuts
   Sewer: 163 daAuts
